 Dungeon Crawl Stone Soup version 0.22.1-2-g9c5b331 (webtiles) character file.

116 bosm the Bolt Thrower (level 5, -7/41 HPs)
             Began as a Formicid Hunter on Dec 1, 2018.
             Mangled by an ogre
             ... wielding a +0 giant club
              (11 damage)
             ... on level 4 of the Dungeon.
             The game lasted 00:08:55 (3283 turns).

bosm the Bolt Thrower (Formicid Hunter)             Turns: 3283, Time: 00:08:56

Health: -7/41      AC:  6    Str: 17    XL:     5   Next: 21%
Magic:  5/5        EV: 11    Int: 11    God:
Gold:   189        SH:  0    Dex: 11    Spells: 4/4 levels left

rFire    . . .     SeeInvis +   w - +1 hand crossbow
rCold    . . .     Gourm    .   (no shield)
rNeg     . . .     Faith    .   j - +0 ring mail
rPois    .         Spirit   .   (helmet unavailable)
rElec    .         Reflect  .   (no cloak)
rCorr    .         Harm     .   (no gloves)
MR       .....                  h - +0 pair of boots
Stlth    +.........             (no amulet)
HPRegen  0.13/turn              (no ring)
MPRegen  0.09/turn              (no ring)

@: drained
A: permanent stasis, dig shafts and tunnels, four strong arms, antennae 3
a: Dig, Shaft Self


You were on level 4 of the Dungeon.
You were not hungry.

You visited 1 branch of the dungeon, and saw 4 of its levels.

You collected 189 gold pieces.

Inventory:

Hand Weapons
 a - a +0 falchion
 w - a +1 hand crossbow (weapon)
Missiles
 d - 27 bolts (quivered)
Armour
 h - a +0 pair of boots (worn)
 i - a +0 shield
 j - a +0 ring mail (worn)
Jewellery
 q - an uncursed amulet of magic regeneration {unknown}
Scrolls
 n - a scroll of blinking {unknown}
 p - a scroll of amnesia
Potions
 b - a potion of agility
 c - 2 potions of heal wounds {unknown}
 e - a potion of might {unknown}
 g - a potion of lignification {unknown}
 k - a potion of degeneration {unknown}
 l - a potion of curing
 m - a potion of brilliance {unknown}
Comestibles
 f - 7 rations


   Skills:
 + Level 3.2(2.6) Fighting
   Level 1.1(0.6) Maces & Flails
 * Level 5.1(4.4) Crossbows
 + Level 1.9(1.4) Armour
 - Level 1.7(1.2) Dodging
 - Level 1.2(0.6) Stealth


You had 4 spell levels left.
You didn't know any spells.
Your spell library was empty.

Dungeon Overview and Level Annotations

Branches:
Dungeon (4/15)
 Temple: D:4-7

Altars:
Elyvilon
Gozag
Nemelex Xobeh
Xom

Shops:
D:4 (


Innate Abilities, Weirdness & Mutations

You cannot be hasted, slowed, berserked, paralysed or teleported.
You can dig through walls and to a lower floor.
Your four strong arms can wield two-handed weapons with a shield.
You have a pair of large antennae on your head. (SInv)


Message History

Aim: an ogre, wielding a giant club (heavily wounded)
You shoot a bolt. The bolt hits the ogre!
The ogre is almost dead.
The ogre hits you with a giant club.
Firing (i - inventory)
d - 29 bolts (quivered)
Press: ? - help, Shift-Dir - straight line, f/p - ogre
Aim: an ogre, wielding a giant club (almost dead)
You shoot a bolt. The bolt barely misses the ogre.
The ogre hits you with a giant club!!
Ouch! That really hurt!
* * * LOW HITPOINT WARNING * * *
You are too injured to fight recklessly!
Firing (i - inventory)
d - 28 bolts (quivered)
Press: ? - help, Shift-Dir - straight line, f/p - ogre
Aim: an ogre, wielding a giant club (almost dead)
You shoot a bolt.
The bolt hits the ogre but does no damage.
The ogre is almost dead.
The ogre hits you with a giant club!
You die...

# #.#.. #.. #.#.### ..
#...####.#.#.# .
#........#.#.###### .
#........#.#.##...#.#
.........#.#.##...#.####
####....................
#....................
#............@O(...!(
###.........(........
..................<..
###..................
#..................
#..................
#..................
#..................


You could see an ogre.

Vanquished Creatures
  3 adders
  An ooze (D:1)
  A worm (D:2)
  3 dart slugs
  A leopard gecko (D:1)
  7 orcs (D:3)
  A ball python (D:3)
  8 bats
  5 goblins
  8 hobgoblins
  11 jackals
  3 frilled lizards
  5 kobolds
  5 rats
62 creatures vanquished.

Notes
Turn   | Place    | Note
-------+----------+-------------------------------------------
     0 | D:1      | bosm the Formicid Hunter began the quest for the Orb.
     0 | D:1      | Reached XP level 1. HP: 16/16 MP: 1/1
    65 | D:1      | Reached XP level 2. HP: 10/23 MP: 2/2
   459 | D:1      | Reached skill level 1 in Armour
   564 | D:1      | Reached XP level 3. HP: 20/28 MP: 3/3
  1052 | D:2      | Found a shimmering altar of Xom.
  1126 | D:2      | Found a white marble altar of Elyvilon.
  1360 | D:2      | Reached XP level 4. HP: 21/34 MP: 4/4
  1558 | D:2      | Found an opulent altar of Gozag.
  2070 | D:3      | Reached skill level 1 in Maces & Flails
  2819 | D:3      | Reached skill level 5 in Crossbows
  2819 | D:3      | Reached XP level 5. HP: 41/41 MP: 5/5
  2829 | D:3      | Found a sparkling altar of Nemelex Xobeh.
  3265 | D:4      | Found Idifeib's Weapon Emporium.
  3270 | D:4      | Noticed an ogre
  3283 | D:4      | Mangled by an ogre

Skill      XL: |  1  2  3  4 |
---------------+-------------+-----
Armour         | 1 |  1.9
Fighting       | 3 |  3.2
Maces & Flails | 1 |  1.1
Crossbows      | 5 |  5.1
Dodging        | |  1.7
Stealth        | |  1.2

Action                   |  1- 3 |  4- 6 || total
-------------------------+-------+-------++-------
Melee: Short sword       |    60 |       ||    60
       Whip              |    85 |    75 ||   160
       Falchion          |       |    55 ||    55
 Fire: Hand crossbow     |    14 |    19 ||    33
 Abil: Dig               |     1 |     2 ||     3
  Use: Scroll            |     3 |     5 ||     8
 Stab: Sleeping          |     1 |       ||     1
  Eat: Chunk             |     1 |     7 ||     8
Armor: Leather armour    |    20 |       ||    20
       Ring mail         |    39 |    58 ||    97
Dodge: Dodged            |   104 |    91 ||   195
       Rpst.: Falchion   |       |    10 ||    10
